 Dungeon Crawl Stone Soup version 0.31-a0-1227-g0136665373 (webtiles) character file.

Game seed: 11924957956277557301

161 DApurpleWHUMPUS the Chiller (level 5, 0/41 HPs)
             Began as a Human Ice Elementalist on Dec 14, 2023.
             Killed from afar by a steam dragon (27 damage)
             ... with a ball of steam
             ... on level 4 of the Dungeon.
             The game lasted 00:10:51 (3470 turns).

DApurpleWHUMPUS the Chiller (HuIE)                  Turns: 3470, Time: 00:10:51

Health: 0/41       AC:  5    Str:  8    XL:     5   Next: 70%
Magic:  8/10       EV: 11    Int: 17    God:
Gold:   128        SH:  0    Dex: 14    Spells: 0/11 levels left

rFire   x . .        r - staff of cold
rCold   + + .        (no shield)
rNeg    . . .        g - +0 leather armour
rPois   .            (no helmet)
rElec   .            (no cloak)
rCorr   .            (no gloves)
SInv    .            q - +1 pair of boots {Fly}
Will    .....        (no amulet)
Stlth   ++           t - ring of ice
HPRegen 0.26/turn    (no ring)
MPRegen 0.12/turn

%: no passive effects
@: flying
A: no striking features
a: no special abilities


You were on level 4 of the Dungeon.
You visited 1 branch of the dungeon, and saw 4 of its levels.

You collected 128 gold pieces.

Inventory:

Hand Weapons
 p - a +0 mace
Missiles
 h - 3 javelins
Armour
 a - a +0 robe
 g - a +0 leather armour (worn)
 k - a +0 chain mail
 q - a +1 pair of boots of flying (worn)
Magical Staves
 r - a staff of cold (weapon)
Jewellery
 t - a ring of ice (left hand)
Scrolls
 d - a scroll of amnesia {unknown}
 e - 2 scrolls of identify
 m - a scroll of teleportation {unknown}
 o - a scroll of enchant armour {unknown}
 s - a scroll of immolation {unknown}
Potions
 b - a potion of magic
 c - 4 potions of haste
 f - 2 potions of degeneration
 i - 2 potions of brilliance
 j - a potion of lignification {unknown}
 l - a potion of mutation {unknown}
 n - a potion of curing {unknown}


   Skills:
 - Level 3.3 Fighting
 - Level 2.0 Dodging
 - Level 2.0 Stealth
 * Level 3.8 Spellcasting
 - Level 4.0 Ice Magic


You couldn't memorise any spells.
You knew the following spells:

 Your Spells              Type           Power      Damage    Failure   Level
a - Freeze                Ice            100%       1d10      4%          1
b - Frozen Ramparts       Ice            74%        1d12      14%         3
c - Ozocubu's Armour      Ice            37%        N/A       14%         3
d - Summon Ice Beast      Ice/Summ       22%        N/A       71%         4

Your spell library contained the following spells:

 Spells                   Type           Power      Damage    Failure   Level


Dungeon Overview and Level Annotations

Branches:
Dungeon (4/15)
 Temple: D:4-7

Altars:
Vehumet


Message History

No target in view!
No target in view!
Okay, then.
This spell is astonishingly dangerous to cast!
You start memorising the spell.
You continue memorising. x4
You finish memorising.
Spell assigned to 'd'.
Unknown command.
Unknown command.
You already know all available spells.
Unknown command.
You can't go up here!
Unknown command.
There are no items here.
Done exploring.
What level of the Dungeon? (default 2, ? - help) You're already here!
What level of the Dungeon? (default 3, ? - help)
There is a stone staircase leading down here.
You fly downwards.
Found a scroll labelled NAWOKHL JUCK.
There is a stone staircase leading up here.
Found a dagger.
s - a scroll labelled NAWOKHL JUCK
Found a radiant altar of Vehumet.
t - a ring of ice A steam dragon comes into view.
A steam dragon is nearby!
You feel more attuned to ice.
t - a ring of ice (left hand)
You hit the steam dragon but do no damage.
The steam dragon bites you! The steam dragon closely misses you.
You feel a strong surge of power!
You freeze the steam dragon.
The steam dragon is lightly wounded.
The steam dragon bites you. The steam dragon claws you.
You feel a strong surge of power!
You freeze the steam dragon.
The steam dragon is moderately wounded.
The steam dragon breathes steam at you. The ball of steam hits you!!
The steam scalds you terribly!
Ouch! That really hurt!
You die...

#.....###.###.#
........#...#..#
#..............#
#..#....#...###
.#.......##.##
............#
..........###
#........#
##...D@..#
#......###
.......##
....### ... ##


You could see a steam dragon (catching breath).

Vanquished Creatures
  A phantom (D:3)
  4 adders
  2 worms
  A dart slug (D:3)
  4 ball pythons
  3 goblins
  7 hobgoblins
  4 jackals (D:1)
  4 kobolds
  A quokka (D:1)
  3 bats
  4 frilled lizards
  6 rats
44 creatures vanquished.

Notes
Turn   | Place    | Note
-------+----------+-------------------------------------------
     0 | D:1      | DApurpleWHUMPUS the Human Ice Elementalist began the quest
                  | for the Orb.
     0 | D:1      | Reached XP level 1. HP: 13/13 MP: 3/3
   331 | D:1      | Reached XP level 2. HP: 16/20 MP: 0/5
   334 | D:1      | Reached skill level 1 in Fighting
  1162 | D:1      | Found a faded altar of an unknown god.
  1345 | D:2      | Reached XP level 3. HP: 26/26 MP: 4/6
  1846 | D:2      | Reached XP level 4. HP: 30/33 MP: 2/8
  2445 | D:3      | Noticed a phantom
  2600 | D:2      | Learned a level 3 spell: Frozen Ramparts
  2604 | D:2      | Learned a level 3 spell: Ozocubu's Armour
  2988 | D:3      | Killed a phantom
  2989 | D:3      | Reached XP level 5. HP: 26/41 MP: 4/10
  3411 | D:3      | Learned a level 4 spell: Summon Ice Beast
  3441 | D:4      | Found a radiant altar of Vehumet.
  3462 | D:4      | Noticed a steam dragon
  3470 | D:4      | Killed from afar by a steam dragon

Illustrated notes

Levels and vault maps discovered:
D:1:      saegor_arrival_simple_e, layout_basic,
          shapermc_ecumenical_altar_mp_vishouse
D:2:      layout_loops_corners, minmay_misc_feat_doors
D:3:      layout_basic, st_stairs_11, minmay_misc_feat_cross
D:4:      layout_cave_pools, mainiacjoe_overflow_boulevard, vehumet_crystals,
          uniq_pikel

Skill      XL: |  1  2  3  4 |
---------------+-------------+-----
Fighting       | 1 2 3 |  3.3
Spellcasting   | 3 |  3.8
Dodging        | |  2.0
Stealth        | |  2.0
Ice Magic      | |  4.0

Action                     |  1- 3 |  4- 6 || total
---------------------------+-------+-------++-------
  Melee: Unarmed           |    30 |    26 ||    56
         Mace              |       |     2 ||     2
         Staff             |       |     1 ||     1
  Throw: Javelin           |     3 |       ||     3
   Cast: Freeze            |    41 |    49 ||    90
         Ozocubu's Armour  |       |     1 ||     1
    Use: Potion            |       |     4 ||     4
         Scroll            |       |     1 ||     1
   Stab: Sleeping          |     1 |       ||     1
 Armour: Robe              |    27 |     3 ||    30
         Leather armour    |    18 |    38 ||    56
  Dodge: Dodged            |    30 |    37 ||    67

Table legend: (Time is in decaauts)
 A = Elapsed time spent in this place.
 B = Non-inter-level travel time spent in this place.
 C = Inter-level travel time spent in this place.
 D = Time resting spent in this place.
 E = Time spent auto-exploring this place.
 F = Levels seen in this place.
 G = Mean time per level.
                   A        B        C        D        E       F      G
               +--------+--------+--------+--------+--------+-----+--------+
         Total |   3456 |   3360 |     96 |    444 |   2381 |   4 |  864.0 |
       Dungeon |   3456 |   3360 |     96 |    444 |   2381 |   4 |  864.0 |
               +--------+--------+--------+--------+--------+-----+--------+

Top non-repeatable levels by time:
     D:2: 1238 daAuts
     D:1: 1213 daAuts
     D:3: 962 daAuts
     D:4: 41 daAuts
